 Dungeon Crawl Stone Soup version 0.19-a0-32-gbfd796a (webtiles) character file.

1040 jyri the Grappler (level 8, -4/63 HPs)
             Began as a Ghoul Monk on May 2, 2016.
             Was a Believer of Yredelemnul.
             Slain by an orc warrior
             ... wielding a +0 long sword
              (8 damage)
             ... on level 5 of the Dungeon.
             The game lasted 00:22:47 (5225 turns).

jyri the Grappler (Ghoul Monk)                      Turns: 5225, Time: 00:22:48

Health: -4/63      AC:  8    Str: 22    XL:     8   Next: 24%
Magic:  16/16      EV:  8    Int:  5    God:    Yredelemnul [**....]
Gold:   377        SH:  0    Dex: 11    Spells: 0 memorised, 7 levels left

rFire  . . .     SeeInvis .       - Unarmed
rCold  + . .     Gourm    .     p - +0 chain mail
rNeg   + + +     Faith    .     (no shield)
rPois  ∞         Spirit   .     (no helmet)
rElec  .         Dismiss  .     (no cloak)
rCorr  .         Reflect  .     (no gloves)
SustAt .         Harm     .     (no boots)
MR     .....                    (no amulet)
Stlth  ..........               (no ring)
                                k - ring of magical power

@: mighty, rotting, not resistant to hostile enchantments, extremely unstealthy
A: rotting body, claws 1, carnivore 3, cold resistance 1, negative energy
resistance 3, slow regeneration 1, torment resistance, unbreathing
a: Animate Remains, Recall Undead Slaves, Injury Mirror, Renounce Religion


You were on level 5 of the Dungeon.
You worshipped Yredelemnul.
Yredelemnul was pleased with you.
You were not hungry.

You visited 2 branches of the dungeon, and saw 7 of its levels.
You also visited: Sewer.

You collected 377 gold pieces.

Inventory:

Missiles
 d - 184 arrows
 r - 28 sling bullets
 s - 15 bolts
 w - 41 poisoned needles
 B - a throwing net (quivered)
 K - 6 javelins
Armour
 p - a +0 chain mail (worn)
 q - a +0 pair of gloves
 v - a +2 leather armour of cold resistance
 N - a +0 ring mail of fire resistance
Jewellery
 k - a ring of magical power (left claw)
Wands
 y - a wand of random effects (26/48)
 C - a wand of lightning (12/15)
Scrolls
 c - a scroll of enchant armour {unknown}
 e - 4 scrolls of remove curse {unknown}
 f - 2 scrolls of magic mapping {unknown}
 h - 4 scrolls of blinking
 i - 4 scrolls of teleportation
 m - 3 scrolls of recharging {unknown}
 t - 2 scrolls of fog
 A - a scroll of fear {unknown}
 G - a scroll of enchant weapon {unknown}
 H - a scroll of amnesia {unknown}
 I - a scroll of random uselessness {unknown}
Potions
 a - a potion of curing
 j - a potion of invisibility {unknown}
 n - a potion of resistance {unknown}
 u - a potion of ambrosia {unknown}
 x - a potion of might
 z - a potion of magic {unknown}
 D - a potion of berserk rage {unknown}
 E - 2 potions of flight
 F - a potion of degeneration {unknown}
 J - a potion of lignification {unknown}
 M - a potion of agility {unknown}
Comestibles
 b - a meat ration
 l - a royal jelly
 o - a slice of pizza
 O - a beef jerky


   Skills:
 - Level 3.2 Fighting
 - Level 2.6 Dodging
 - Level 2.1 Stealth
 + Level 11.0 Unarmed Combat


You had 7 spell levels left.
You didn't know any spells.

Dungeon Overview and Level Annotations

Branches:
Dungeon (6/15)             Temple (1/1) D:6

Altars:
Ashenzari
Cheibriados
Dithmenos
Elyvilon
Gozag
Kikubaaqudgha
Makhleb
Nemelex Xobeh
Okawaru
Qazlal
Ru
Sif Muna
Trog
Vehumet
Xom
Yredelemnul
Zin
The Shining One
Lugonu

Annotations:
D:4 Edmund


Innate Abilities, Weirdness & Mutations

Your body is rotting away.
You thrive on raw meat.
You are immune to poison.
You have sharp fingernails.
You are carnivorous and can eat meat at any time.
Your flesh is cold resistant.
You are immune to negative energy.
You regenerate slowly when monsters are visible.
You are immune to unholy pain and torment.
You can survive without breathing.


Message History

The orc warrior is severely wounded.
The orc warrior hits you with a long sword!
* * * LOW HITPOINT WARNING * * *
You are too injured to fight recklessly!
There is an open door here.
You feel very mighty all of a sudden.
The orc warrior hits you with a long sword!
* * * LOW HITPOINT WARNING * * *
You feel better. The orc warrior completely misses you.
The orc warrior barely misses you.
An orc warrior is nearby!
The orc warrior hits you with a long sword!
* * * LOW HITPOINT WARNING * * *
As you read the scroll of fog, it crumbles to dust.
The scroll dissolves into smoke.
There is an open door here.
There is a stone staircase leading down here.
The orc warrior hits you with a long sword!
You die...
Yredelemnul claims you as an undead slave.

#..######§.##.......#
....§§§#.§§.........#
....§§§#§§>.........#
.....§§§............#
....§§§#§§..........#
#....§##.§.##.......#
#############.......#
.......#...#...o....#
.......#...#....@...#
.......#...'........#
.......##..##.......#
#'##....#####..p....#
...#....#...........#
...#....#...........#
...#....#...........#
#..#....#...........#
#..#....#...........#


You could see an orc warrior and a neutral freed slave (wandering).

Vanquished Creatures
  Pikel (D:5)
  The ghost of M4edhros the Grave Robber, an amateur OpNe (D:5)
  A crimson imp (D:5)
  A hound (D:4)
  A centaur skeleton (D:6)
  A jelly (D:5)
  An orc priest (D:4)
  2 iguanas
  A howler monkey zombie (D:5)
  2 worker ant zombies
  4 gnolls (D:5)
  8 adders
  3 oozes (Sewer)
  2 adder skeletons
  11 worms
  3 dart slugs (D:1)
  A giant gecko (D:2)
  5 orcs
  13 bats
  6 giant cockroaches
  8 goblins
  7 hobgoblins
  16 jackals
  4 ball pythons
  9 giant newts
  6 kobolds
  10 rats
128 creatures vanquished.

Vanquished Creatures (others)
  A crimson imp (D:5)
  An orc wizard (D:4)
  A worm zombie (D:6)
3 creatures vanquished.

Grand Total: 131 creatures vanquished

Notes
Turn   | Place    | Note
--------------------------------------------------------------
     0 | D:1      | jyri the Ghoul Monk began the quest for the Orb.
     0 | D:1      | Reached XP level 1. HP: 19/19 MP: 0/0
   116 | D:1      | Reached XP level 2. HP: 17/26 MP: 1/1
   192 | D:1      | Reached skill level 5 in Unarmed Combat
   467 | D:1      | Reached XP level 3. HP: 31/31 MP: 2/2
   999 | D:2      | Found a shadowy altar of Dithmenos.
  1002 | D:2      | Found a sacrificial altar of Ru.
  1003 | D:2      | Found an ancient bone altar of Kikubaaqudgha.
  1003 | D:2      | Found an opulent altar of Gozag.
  1003 | D:2      | Found an iron altar of Okawaru.
  1005 | D:2      | Found a deep blue altar of Sif Muna.
  1006 | D:2      | Found a sparkling altar of Nemelex Xobeh.
  1008 | D:2      | Found a stormy altar of Qazlal.
  1077 | D:2      | Reached skill level 6 in Unarmed Combat
  1077 | D:2      | Reached XP level 4. HP: 38/38 MP: 3/3
  2073 | D:3      | Found a snail-covered altar of Cheibriados.
  2380 | D:3      | Reached XP level 5. HP: 43/45 MP: 4/4
  2580 | D:4      | Reached skill level 7 in Unarmed Combat
  2697 | D:4      | Reached XP level 6. HP: 50/51 MP: 5/5
  2978 | D:4      | Found a glowing drain.
  2983 | Sewer    | Entered a sewer
  3158 | Sewer    | Reached skill level 8 in Unarmed Combat
  3665 | D:4      | Noticed Edmund
  3815 | D:5      | Entered Level 5 of the Dungeon
  3972 | D:5      | Noticed M4edhros's ghost (amateur OpNe)
  3984 | D:5      | Killed M4edhros's ghost
  4028 | D:5      | Reached XP level 7. HP: 52/57 MP: 6/6
  4069 | D:5      | Reached skill level 9 in Unarmed Combat
  4355 | D:5      | Noticed Pikel
  4412 | D:5      | Killed Pikel
  4412 | D:5      | Reached skill level 10 in Unarmed Combat
  4412 | D:5      | Reached XP level 8. HP: 48/63 MP: 7/7
  4894 | D:6      | Found a staircase to the Ecumenical Temple.
  4902 | D:6      | Reached skill level 11 in Unarmed Combat
  4905 | Temple   | Entered the Ecumenical Temple
  4938 | Temple   | Became a worshipper of Yredelemnul the Dark
  4938 | Temple   | Reached * piety under Yredelemnul
  4938 | Temple   | Reached ** piety under Yredelemnul
  5205 | D:5      | HP: 3/63 [orc warrior/long sword (15)]
  5212 | D:5      | HP: 3/63 [orc warrior/long sword (11)]
  5225 | D:5      | Slain by an orc warrior

Vault maps used:
D:1:      minmay_arrival_four_houses, minivault_26, due_unseen_surprise
D:2:      minitemple
D:3:      lemuel_doored_altar
D:4:      gup_sewer_entry_bowl, first_bread, grunt_pakellas_salt, uniq_edmund
D:5:      uniq_pikel
D:6:      lemuel_upstairs_altar, minmay_temple_entry_grid, uniq_duvessa,
          uniq_eustachio
Temple:   corrupted_temple
Sewer:    sewer_fruit_machine

Skill      XL: |  1  2  3  4  5  6  7  8 |
---------------+-------------------------+-----
Unarmed Combat | 5 6 7 8 10 11 | 11.0
Fighting       | |  3.2
Dodging        | |  2.6
Stealth        | |  2.1

Action                   |  1- 3 |  4- 6 |  7- 9 || total
-------------------------+-------+-------+-------++-------
Melee: Unarmed           |    93 |   311 |    68 ||   472
       Punch             |     3 |     6 |       ||     9
Invok: Animate Remains   |       |       |     1 ||     1
  Use: Scroll            |       |     8 |     2 ||    10
       Potion            |       |     1 |     2 ||     3
 Stab: Sleeping          |     3 |       |       ||     3
       Distracted        |     1 |       |       ||     1
  Eat: Chunk             |    11 |    25 |     4 ||    40
Armor: Robe              |    10 |       |       ||    10
       Leather armour    |    18 |       |       ||    18
       Chain mail        |       |   231 |    15 ||   246
Dodge: Dodged            |    48 |   138 |    24 ||   210
